 Dungeon Crawl Stone Soup version 0.30-a0-738-g116ff8c4af (webtiles) character file.

Game seed: 7061870990125514679

1309 cforsyth the Conjurer (level 8, 0/41 HPs)
             Began as a Tengu Fire Elementalist on Feb 4, 2023.
             Was an Initiate of Vehumet.
             Slain by Blork the orc
             ... wielding a +3 scimitar
              (15 damage)
             ... on level 6 of the Dungeon.
             The game lasted 00:13:29 (7144 turns).

cforsyth the Conjurer (Tengu Fire Elementalist)     Turns: 7144, Time: 00:13:30

Health: 0/41       AC:  5    Str:  9    XL:     8   Next: 58%
Magic:  14/17      EV: 15    Int: 22    God:    Vehumet [......]
Gold:   345        SH:  0    Dex: 17    Spells: 17/18 levels left

rFire   . . .      SeeInvis .    y - +7 spear "Olewueheu" {venom, Int+4}
rCold   . . .      Faith    .    (no shield)
rNeg    . . .      Spirit   .    a - +0 robe
rPois   +          Reflect  .    (helmet restricted)
rElec   +          Harm     .    o - +2 cloak
rCorr   .          Rampage  .    (no gloves)
Will    .....                    (boots unavailable)
Stlth   ++                       (no amulet)
HPRegen 0.26/turn                h - ring of ice
MPRegen 0.15/turn                j - ring "Gouxof" {rElec rPois rF+ rC- Dex+3}

@: flying quickly and evasively, quick
A: beak, talons 3, nimble flight
a: Renounce Religion


You were on level 6 of the Dungeon.
You worshipped Vehumet.
Vehumet was noncommittal.
You visited 2 branches of the dungeon, and saw 7 of its levels.
You also visited: Sewer.

You collected 345 gold pieces.

Inventory:

Hand Weapons
 y - the +7 spear "Olewueheu" (weapon) {venom, Int+4}
   (You found it on level 5 of the Dungeon)

   Int:       It affects your intelligence (+4).
Armour
 a - a +0 robe (worn)
 o - a +2 cloak (worn)
Jewellery
 g - an amulet of the acrobat
 h - a ring of ice (left hand)
 j - the ring "Gouxof" (right hand) {rElec rPois rF+ rC- Dex+3}
   (You found it on level 2 of the Dungeon)

   [ring of poison resistance]

   Dex:       It affects your dexterity (+3).
   rF:        It protects you from fire.
   rC:        It makes you vulnerable to cold.
   rElec:     It insulates you from electricity.
   rPois:     It protects you from poison.
Wands
 p - a wand of digging (6)
Scrolls
 d - a scroll of torment {unknown}
 e - 2 scrolls of silence {unknown}
 i - a scroll of fog
 k - 3 scrolls of magic mapping {unknown}
 n - 2 scrolls of teleportation {unknown}
 t - a scroll of poison {unknown}
 u - 2 scrolls of noise {unknown}
 v - a scroll of blinking {unknown}
 w - a scroll of enchant weapon {unknown}
Potions
 b - 2 potions of magic
 c - 3 potions of cancellation
 f - a potion of brilliance {unknown}
 l - 6 potions of curing
 m - 2 potions of mutation {unknown}
 q - 7 potions of heal wounds
 r - a potion of berserk rage {unknown}
 s - 2 potions of haste {unknown}
 x - a potion of lignification {unknown}
 z - a potion of flight {unknown}
 A - a potion of ambrosia {unknown}


   Skills:
 - Level 2.2 Dodging
 - Level 2.0 Stealth
 + Level 5.6 Spellcasting
 + Level 7.7 Conjurations
 + Level 7.2 Fire Magic


You had 17 spell levels left.
You knew the following spells:

 Your Spells              Type           Power      Damage    Failure   Level
a - Foxfire               Conj/Fire      100%       2x1d9     1%          1

Your spell library contained the following spells:

 Spells                   Type           Power      Damage    Failure   Level
 Scorch                   Fire           76%        2d9       1%          2
 Momentum Strike          Conj/Tloc      46%        3d9       3%          2
 Flame Wave               Conj/Fire      39%        2d11      4%          4
 Inner Flame              Hex/Fire       22%        N/A       6%          3
 Stone Arrow              Conj/Erth      46%        3d9       6%          3
 Sandblast                Erth           12%        2d6       10%         1
 Kindle Blastsparks       Fire/Tloc/Air  32%        2d12      11%         3
 Blink                    Tloc           12%        N/A       14%         2
 Lesser Beckoning         Tloc           12%        N/A       14%         2
 Passwall                 Tmut/Erth      5%         N/A       14%         2
 Frozen Ramparts          Ice            18%        1d3       28%         3
 Ice Form                 Ice/Tmut       9%         N/A       67%         4
 Summon Ice Beast         Ice/Summ       9%         N/A       67%         4


Dungeon Overview and Level Annotations

Branches:
Dungeon (6/15)             Temple (1/1) D:4           Sewer (visited)

Altars:
Ashenzari
Cheibriados
Elyvilon
Fedhas
Hepliaklqana
Kikubaaqudgha
Makhleb
Nemelex Xobeh
Okawaru
Ru
Sif Muna
Trog
Uskayaw
Vehumet
Xom
Yredelemnul
Zin

Shops:
D:2 ?

Annotations:
D:6 Blork the orc


Innate Abilities, Weirdness & Mutations

You have a beak for a mouth.
You have claws for feet.
Your magical nature lets you fly swiftly and evasively.


Message History

Blork the orc is nearby!
Blork the orc is nearby!
There is an escape hatch in the floor here.
You conjure some foxfire!
You conjure some foxfire!
The foxfire hits Blork the orc.
Blork the orc resists.
Blork the orc is lightly wounded.
The foxfire hits Blork the orc.
Blork the orc resists.
Blork the orc is lightly wounded.
Blork the orc hits you with a +3 scimitar!
You conjure some foxfire!
The foxfire hits Blork the orc.
Blork the orc resists.
Blork the orc is lightly wounded.
The foxfire hits Blork the orc.
Blork the orc resists.
Blork the orc is moderately wounded.
Blork the orc barely misses you.
You conjure some foxfire!
The foxfire hits Blork the orc.
Blork the orc resists.
Blork the orc is moderately wounded.
The foxfire hits Blork the orc.
Blork the orc resists.
Blork the orc is moderately wounded.
Blork the orc points at you and mumbles some strange words.
The puff of frost hits you!
You are too injured to fight recklessly!
You barely miss Blork the orc. Your kick misses Blork the orc.
Blork the orc is moderately wounded.
The foxfire hits Blork the orc.
Blork the orc completely resists.
Blork the orc is moderately wounded.
The foxfire hits Blork the orc.
Blork the orc resists.
Blork the orc is heavily wounded.
Blork the orc barely misses you. Blork the orc closely misses you.
You hit Blork the orc but do no damage.
Blork the orc is poisoned.
You claw Blork the orc. You peck Blork the orc.
Blork the orc is severely wounded.
Blork the orc casts a spell at you. The puff of flame hits you.
You hit Blork the orc.
Blork the orc is almost dead.
Blork the orc hits you with a +3 scimitar!
You die...

#.......##### #######
#.......# #.....#
#.......# #.....#
#.......# # #.....#
#.......# # #.....#
#.......# # #.....#
#.......# #
####...o.###.......#####
.......@...'.......†....
############.......#####
#########


You could see Blork the orc (very poisoned).

Vanquished Creatures
  Sigmund (D:2)
  Edmund (D:5)
  2 black bears (D:5)
  An ice beast (D:5)
  An ogre (D:6)
  A phantom (D:5)
  A bullfrog (D:6)
  A necrophage (D:4)
  A scorpion (D:5)
  3 jellies
  A hound (D:5)
  An orc priest (D:5)
  Crazy Yiuf (D:2)
  Ijyb (D:3)
  Natasha (D:2)
  9 adders
  A river rat (Sewer)
  An ufetubus (D:5)
  2 worms
  2 dart slugs
  7 orcs
  14 endoplasms
  8 giant cockroaches
  5 goblins
  8 hobgoblins
  2 quokkas (D:5)
  11 ball pythons
  4 bats
  11 frilled lizards
  3 kobolds
  16 rats
122 creatures vanquished.

Vanquished Creatures (collateral kills)
  A foxfire (D:1)
1 creature vanquished.

Vanquished Creatures (others)
  637 foxfires
637 creatures vanquished.

Grand Total: 760 creatures vanquished

Notes
Turn   | Place    | Note
-------+----------+-------------------------------------------
     0 | D:1      | cforsyth the Tengu Fire Elementalist began the quest for
                  | the Orb.
     0 | D:1      | Reached XP level 1. HP: 10/10 MP: 4/4
   458 | D:1      | Reached XP level 2. HP: 15/15 MP: 0/6
  1476 | D:2      | Identified the ring "Gouxof" {rElec rPois rF+ rC- Dex+3}
  1503 | D:2      | Reached XP level 3. HP: 18/19 MP: 0/7
  1659 | D:2      | Found a faded altar of an unknown god.
  1992 | D:2      | Found Omat's Magic Scroll Shop.
  2132 | D:2      | Reached XP level 4. HP: 18/24 MP: 1/9
  2225 | D:2      | Found a runed translucent door.
  2226 | D:2      | Noticed Crazy Yiuf
  2281 | D:2      | Noticed Natasha
  2286 | D:2      | Killed Natasha
  2349 | D:2      | Noticed Sigmund
  2422 | D:2      | Killed Sigmund
  2423 | D:2      | Reached skill level 5 in Fire Magic
  2423 | D:2      | Gained mutation: Your magical nature lets you fly swiftly
                  | and evasively. [Tengu growth]
  2423 | D:2      | Reached XP level 5. HP: 10/28 MP: 5/11
  2423 | D:2      | Reached XP level 6. HP: 11/32 MP: 5/12
  2818 | D:2      | Killed Crazy Yiuf
  3119 | D:3      | Noticed Ijyb
  3131 | D:3      | Killed Ijyb
  4156 | D:4      | Reached skill level 5 in Conjurations
  4247 | D:4      | Found a glowing drain.
  4299 | Sewer    | Entered a sewer
  4681 | Sewer    | Reached XP level 7. HP: 36/36 MP: 9/14
  4731 | Sewer    | Found a viscous altar of Jiyva.
  4891 | D:4      | Found a staircase to the Ecumenical Temple.
  4953 | Temple   | Entered the Ecumenical Temple
  5051 | Temple   | Became a worshipper of Vehumet
  5152 | D:4      | Found an iron altar of Okawaru.
  5472 | D:5      | Entered Level 5 of the Dungeon
  6177 | D:5      | Reached skill level 5 in Spellcasting
  6177 | D:5      | Reached XP level 8. HP: 41/41 MP: 11/16
  6401 | D:5      | Found a sparkling altar of Nemelex Xobeh.
  6401 | D:5      | Found an ancient bone altar of Kikubaaqudgha.
  6421 | D:5      | Found a blossoming altar of Fedhas.
  6422 | D:5      | Noticed Edmund
  6433 | D:5      | Killed Edmund
  6540 | D:5      | Found a white marble altar of Elyvilon.
  6542 | D:5      | Found a bloodstained altar of Trog.
  6551 | D:5      | Found a broken altar of Ashenzari.
  6803 | D:5      | Identified the +7 spear "Olewueheu" {venom, Int+4}
  7135 | D:6      | Noticed Blork the orc
  7144 | D:6      | Slain by Blork the orc

Illustrated notes

Levels and vault maps discovered:
D:1:      dpeg_arrival_prison, layout_loops_ring, minmay_misc_feat_roman,
          fountainhead, kennysheep_another_room
D:2:      layout_rooms, shapermc_ecumenical_altar_ellora, serial_shops,
          shop_fountains, minmay_tetromino_i2, uniq_sigmund, uniq_natasha,
          uniq_crazy_yiuf_cottage
D:3:      layout_basic, uniq_ijyb
D:4:      layout_rooms, lemuel_tele_altar, minmay_temple_entry_mini_moons,
          portal_sewer_entry_b
D:5:      layout_basic, nicolae_overflow_hallway_of_the_gods,
          nicolae_half_adder, uniq_edmund
D:6:      layout_basic, uniq_blork_the_orc
Temple:   oiseaux_autumnal_temple

Skill      XL: |  1  2  3  4  5  6  7  8 |
---------------+-------------------------+-----
Conjurations   | 2 3 4 5 6 7 |  7.7
Fire Magic     | 4 5 6 7 |  7.2
Spellcasting   | 3 4 5 |  5.6
Dodging        | |  2.2
Stealth        | |  2.0

Action                     |  1- 3 |  4- 6 |  7- 9 || total
---------------------------+-------+-------+-------++-------
  Melee: Unarmed           |     4 |     5 |     5 ||    14
         Peck              |     3 |     1 |     1 ||     5
         Kick              |     2 |     1 |     4 ||     7
         Spear             |       |       |     5 ||     5
   Cast: Foxfire           |   102 |   144 |   142 ||   388
    Use: Scroll            |       |     2 |     3 ||     5
 Armour: Robe              |     4 |     4 |     9 ||    17
  Dodge: Dodged            |    17 |    11 |    22 ||    50

Table legend: (Time is in decaauts)
 A = Elapsed time spent in this place.
 B = Non-inter-level travel time spent in this place.
 C = Inter-level travel time spent in this place.
 D = Time resting spent in this place.
 E = Time spent auto-exploring this place.
 F = Levels seen in this place.
 G = Mean time per level.
                   A        B        C        D        E       F      G
               +--------+--------+--------+--------+--------+-----+--------+
         Total |   6882 |   6680 |    202 |    311 |   5253 |   8 |  860.2 |
       Dungeon |   6213 |   6025 |    188 |    166 |   4925 |   6 | 1035.5 |
        Temple |    103 |     90 |     13 |      0 |     73 |   1 |  103.0 |
         Sewer |    565 |    565 |      0 |    145 |    254 |   1 |  565.0 |
               +--------+--------+--------+--------+--------+-----+--------+

Top non-repeatable levels by time:
     D:1: 1473 daAuts
     D:5: 1465 daAuts
     D:2: 1430 daAuts
     D:3: 1078 daAuts
     D:4: 638 daAuts
   Sewer: 565 daAuts
     D:6: 127 daAuts
  Temple: 103 daAuts
